 Dungeon Crawl Stone Soup version 0.17.1-1-g73c8601 (webtiles) character file.

7847 reganant000 the Cleaver (level 11, -14/97 HPs)
             Began as a Minotaur Gladiator on Mar 20, 2016.
             Was an Elder of Okawaru.
             Demolished by Maud
             ... wielding a +0 eveningstar
              (23 damage)
             ... on level 9 of the Dungeon.
             The game lasted 00:53:43 (11392 turns).

reganant000 the Cleaver (Minotaur Gladiator)       Turns: 11392, Time: 00:53:43

Health: -14/97     AC: 12    Str: 26    XL:     11   Next: 2%
Magic:  10/10      EV: 11    Int:  7    God:    Okawaru [****..]
Gold:   335        SH: 14    Dex: 11    Spells: 0 memorised, 10 levels left

rFire  . . .     SeeInvis .     a - +0 war axe
rCold  . . .     Clarity  .     y - +4 ring mail {MR+}
rNeg   . . .     SustAt   .     L - +2 shield
rPois  .         Gourm    .     c - +0 hat
rElec  .         Spirit   .     q - +0 cloak
rCorr  .         Warding  .     (no gloves)
rMut   .         Stasis   .     (no boots)
MR     +....                    (no amulet)
Stlth  +.........               l - +3 ring of strength
                                D - +2 ring of intelligence

@: somewhat resistant to hostile enchantments, very unstealthy
A: retaliatory headbutt, horns 2
a: Heroism, Renounce Religion


You were on level 9 of the Dungeon.
You worshipped Okawaru.
Okawaru was greatly pleased with you.
You were not hungry.

You visited 2 branches of the dungeon, and saw 11 of its levels.
You also visited: Sewer.

You collected 529 gold pieces.
You spent 194 gold pieces at shops.

Inventory:

Hand Weapons
 a - a +0 war axe (weapon)
Missiles
 d - 5 throwing nets (quivered)
 g - 9 poisoned tomahawks
Armour
 c - a +0 hat (worn)
 q - a +0 cloak (worn)
 y - a +4 ring mail of magic resistance (worn)
 G - a +0 plate armour
 L - a +2 shield (worn)
 P - a +0 plate armour
Jewellery
 k - an uncursed ring of protection from cold
 l - a +3 ring of strength (right hand)
 p - an uncursed ring of stealth
 D - a +2 ring of intelligence (left hand)
 I - an uncursed ring of protection from fire
Scrolls
 f - 8 scrolls of remove curse
 h - 3 scrolls of fear {unknown}
 j - 2 scrolls of identify
 m - 3 scrolls of blinking {unknown}
 o - a scroll of magic mapping {unknown}
 t - a scroll of brand weapon {unknown}
 u - 2 scrolls of teleportation {unknown}
 v - a scroll of fog {unknown}
 w - 3 scrolls of recharging {unknown}
 C - 2 scrolls of immolation {unknown}
 H - a scroll of summoning {unknown}
 K - 3 scrolls of enchant armour
 M - 3 scrolls of noise {unknown}
 O - a scroll of amnesia {unknown}
 Q - 3 scrolls of enchant weapon
 T - a scroll of random uselessness {unknown}
Potions
 b - a potion of magic
 s - a potion of brilliance
 z - 2 potions of curing
 A - a potion of resistance
 B - a potion of might
 E - a potion of berserk rage
 J - a potion of flight
 N - a potion of agility
 W - a potion of cancellation
Books
 n - a book of Unlife

   Spells                             Type                      Level
   a - Recall                         Summoning/Translocation      3
   b - Animate Dead                   Necromancy                   4
   c - Control Undead                 Necromancy                   4
   d - Cigotuvi's Embrace             Necromancy                   5
   e - Death Channel                  Necromancy                   6
   f - Simulacrum                     Ice/Necromancy               6
 x - a book of Envenomations

   Spells                             Type                      Level
   a - Spider Form                    Transmutation/Poison         3
   b - Alistair's Intoxication        Transmutation/Poison         4
   c - Olgreb's Toxic Radiance        Poison                       4
   d - Poisonous Cloud                Conjuration/Poison/Air       6
 V - an Akashic Record

   Spells                             Type                      Level
   a - Dispersal                      Translocation                6
   b - Malign Gateway                 Summoning/Translocation      7
   c - Disjunction                    Translocation                8
   d - Controlled Blink               Translocation                8
Comestibles
 e - 11 bread rations
 i - a slice of pizza
 r - 7 beef jerkies
 F - a meat ration
 X - 2 fruits


   Skills:
 + Level 9.6 Fighting
 + Level 12.4 Axes
 - Level 2.0 Throwing
 + Level 9.0 Armour
 - Level 3.5 Dodging
 * Level 9.8 Shields


You had 10 spell levels left.
You didn't know any spells.

Dungeon Overview and Level Annotations

Branches:
Dungeon (10/15)            Temple (1/1) D:6            Lair (0/8) D:10
    Orc: D:9-12

Altars:
Ashenzari
Cheibriados
Dithmenos
Elyvilon
Fedhas
Gozag
Kikubaaqudgha
Makhleb
Nemelex Xobeh
Okawaru
Qazlal
Ru
Sif Muna
Trog
Vehumet
Xom
Yredelemnul
Zin
The Shining One

Shops:
D:7 %   D:10 ?

Annotations:
D:9 Maud


Innate Abilities, Weirdness & Mutations

You reflexively headbutt those who attack you in melee.
You have a pair of horns on your head.


Message History

You block Maud's attack.
Found a stone staircase leading up.
There is a stone staircase leading up here.
You block Maud's attack. The gnoll sergeant barely misses you.
You climb upwards.
There is a stone staircase leading down here.
As you open the door, it creaks loudly! You block Maud's attack.
Maud screams, "Give me that sword!
Immediately!"
There is an open door here.
You block Maud's attack. You block Maud's attack.
Maud hits you with an eveningstar!
* * * LOW HITPOINT WARNING * * *
Maud looks upset.
Maud screams, "You can't face my power!"
Maud hits you with an eveningstar!
* * * LOW HITPOINT WARNING * * *
Maud hits you with an eveningstar!!
You die...

...............#..........######.
..............<#.................
......>........#............#####
...............#.....>..###'#...#
<..........#####........#.......#
#..........#............#.......#
#.....######............#.......#
#.....#.................#.......#
#.....#.........@#'#'##.#.......#
#'#####........@.#..>.#.#.......#
.................#....#.#.......+
........##'####..#....#.#.......#
........#.....#..#....#.#.......#
........#.....#..######.#.####[##
........#.....#.........#.#...[[.
##......#.....#.........+.#......
#......##+####.........###......


You could see Maud.

Vanquished Creatures
  Erolcha (D:10)
  The ghost of babuloseo the Blocker, a journeyman HuFi of the Shining One (D:10)
  A hill giant (D:10)
  Psyche (D:8)
  Grinder (D:3)
  A two-headed ogre (D:9)
  A deep elf mage (D:10)
  3 wolves (D:10)
  Grum (D:10)
  A wyvern (D:6)
  A hungry ghost (D:8)
  Menkaure (D:4)
  Edmund (D:4)
  Duvessa (D:5)
  6 ice beasts
  A sky beast (D:8)
  2 necrophages (D:7)
  8 ogres
  A black bear (D:8)
  2 orc warriors
  2 big kobolds
  3 centaurs
  Blork the orc (D:6)
  7 giant frogs
  Dowan (D:5)
  A wyvern skeleton (D:6)
  A scorpion (D:10)
  A wasp zombie (D:6)
  A centaur skeleton (D:9)
  A centaur zombie (D:6)
  2 crimson imps
  2 hounds
  7 orc wizards
  Crazy Yiuf (D:2)
  Ijyb (D:2)
  4 orc priests
  Jessica (D:3)
  3 iguanas
  Terence (D:3)
  Natasha (thrice) (D:2)
  4 worker ants
  A killer bee zombie (D:7)
  A hound skeleton (D:4)
  Robin (D:3)
  11 adders
  8 gnolls (D:5)
  2 river rats (Sewer)
  A shadow imp (D:8)
  An adder skeleton (D:7)
  6 worms
  23 orcs
  A ball python (D:3)
  14 goblins
  13 hobgoblins
  14 kobolds
  4 quokkas
  7 bats
  6 giant cockroaches
  4 giant geckos
  3 giant newts
  7 jackals
  A jackal zombie (D:5)
  A quokka zombie (D:5)
  6 rats
  A plant (D:5)
221 creatures vanquished.

Notes
Turn   | Place    | Note
--------------------------------------------------------------
     0 | D:1      | reganant000 the Minotaur Gladiator began the quest for the Orb.
     0 | D:1      | Reached XP level 1. HP: 18/18 MP: 0/0
   209 | D:1      | Reached skill level 4 in Axes
   344 | D:1      | Reached XP level 2. HP: 4/25 MP: 1/1
  1223 | D:2      | Noticed Natasha
  1229 | D:2      | Killed Natasha
  1229 | D:2      | Reached skill level 1 in Armour
  1229 | D:2      | Reached XP level 3. HP: 15/31 MP: 2/2
  1233 | D:2      | Found a shimmering altar of Xom.
  1579 | D:2      | Noticed Ijyb
  1590 | D:2      | Killed Ijyb
  1590 | D:2      | Reached skill level 5 in Axes
  1590 | D:2      | Reached XP level 4. HP: 28/38 MP: 3/3
  1791 | D:2      | Noticed Crazy Yiuf
  1802 | D:2      | Killed Crazy Yiuf
  2009 | D:2      | Found a shadowy altar of Dithmenos.
  2009 | D:2      | Noticed Natasha
  2023 | D:2      | Killed Natasha
  2023 | D:2      | Reached XP level 5. HP: 35/45 MP: 4/4
  2479 | D:2      | Noticed Natasha
  2488 | D:2      | Killed Natasha
  2609 | D:3      | Noticed an ogre
  2615 | D:3      | Noticed Robin
  2617 | D:3      | Killed an ogre
  2617 | D:3      | Reached XP level 6. HP: 24/52 MP: 5/5
  2618 | D:3      | Noticed Terence
  2636 | D:3      | Killed Terence
  2636 | D:3      | Reached skill level 6 in Axes
  2641 | D:3      | Killed Robin
  2809 | D:3      | Noticed Jessica
  2817 | D:3      | Killed Jessica
  2928 | D:3      | Noticed Grinder
  2949 | D:3      | Killed Grinder
  2949 | D:3      | Reached skill level 5 in Fighting
  2949 | D:3      | Reached XP level 7. HP: 14/61 MP: 6/6
  3292 | D:3      | Reached skill level 5 in Armour
  3379 | D:3      | Found a glowing golden altar of the Shining One.
  3379 | D:3      | Found a white marble altar of Elyvilon.
  3379 | D:3      | Found a glowing silver altar of Zin.
  3779 | D:4      | Noticed Edmund
  3792 | D:4      | Killed Edmund
  3792 | D:4      | Reached skill level 7 in Axes
  3928 | D:4      | Noticed Menkaure
  3936 | D:4      | Killed Menkaure
  3960 | D:4      | Found a radiant altar of Vehumet.
  3968 | D:4      | Found an opulent altar of Gozag.
  4152 | D:4      | Found a stormy altar of Qazlal.
  4531 | D:5      | Entered Level 5 of the Dungeon
  4668 | D:5      | Found a bloodstained altar of Trog.
  4784 | D:5      | Reached skill level 8 in Axes
  4828 | D:5      | Reached XP level 8. HP: 65/70 MP: 7/7
  4850 | D:5      | Noticed Duvessa
  4862 | D:5      | Killed Duvessa
  4879 | D:5      | Noticed Dowan
  4897 | D:5      | Killed Dowan
  5051 | D:5      | Found a glowing drain.
  5069 | Sewer    | Entered a sewer
  5459 | Sewer    | Found a white marble altar of Elyvilon.
  5977 | D:5      | Reached skill level 9 in Axes
  6177 | D:6      | Found a blossoming altar of Fedhas.
  6278 | D:6      | Found a staircase to the Ecumenical Temple.
  6290 | Temple   | Entered the Ecumenical Temple
  6415 | Temple   | Became a worshipper of Warmaster Okawaru
  6534 | D:6      | Noticed Blork the orc
  6546 | D:6      | Killed Blork the orc
  6595 | D:6      | Reached skill level 1 in Shields
  7118 | D:7      | Found Kyek Itt's Food Shoppe.
  7180 | D:7      | Reached * piety under Okawaru
  7180 | D:7      | Reached XP level 9. HP: 73/78 MP: 8/8
  7296 | D:7      | Reached skill level 10 in Axes
  7754 | D:8      | Reached ** piety under Okawaru
  8482 | D:8      | Noticed Psyche
  8489 | D:8      | Reached skill level 5 in Shields
  8492 | D:8      | Killed Psyche
  8993 | D:9      | Reached skill level 11 in Axes
  9076 | D:9      | Reached XP level 10. HP: 69/89 MP: 9/9
  9346 | D:9      | Reached *** piety under Okawaru
  9859 | D:10     | Entered Level 10 of the Dungeon
  9952 | D:10     | Noticed babuloseo's ghost (journeyman HuFi)
  9988 | D:10     | Killed babuloseo's ghost
  9988 | D:10     | Received a gift from Okawaru
 10020 | D:10     | Noticed Erolcha
 10033 | D:10     | Killed Erolcha
 10033 | D:10     | Reached **** piety under Okawaru
 10339 | D:10     | Found Cemyrph's Magic Scroll Shoppe.
 10360 | D:10     | Bought a scroll of enchant armour for 97 gold pieces
 10360 | D:10     | Bought a scroll of enchant weapon for 97 gold pieces
 10386 | D:10     | Found a staircase to the Lair.
 10419 | D:10     | Noticed a hill giant
 10431 | D:10     | Killed a hill giant
 10431 | D:10     | Reached skill level 12 in Axes
 10620 | D:10     | Noticed Grum
 10644 | D:10     | Killed Grum
 10859 | D:10     | Reached XP level 11. HP: 44/97 MP: 10/10
 11236 | D:10     | Noticed Maud
 11392 | D:9      | Demolished by Maud

Action                   |  1- 3 |  4- 6 |  7- 9 | 10-12 || total
-------------------------+-------+-------+-------+-------++-------
Melee: War axe           |    58 |   111 |   313 |   193 ||   675
Throw: Throwing net      |       |       |     1 |       ||     1
  Use: Potion            |       |     2 |     2 |     3 ||     7
       Scroll            |       |       |     9 |     1 ||    10
 Stab: Sleeping          |     2 |     1 |       |       ||     3
  Eat: Chunk             |     2 |     4 |    15 |     5 ||    26
       Meat ration       |       |       |     1 |       ||     1
       Bread ration      |       |       |     1 |     1 ||     2
